 Dungeon Crawl Stone Soup version 0.20-b1-18-gaa2fd62 (webtiles) character file.

417 doot the Ducker (level 6, -3/30 HPs)
             Began as a Spriggan Warper on May 23, 2017.
             Killed from afar by an orc wizard (6 damage)
             ... with a magic dart
             ... on level 8 of the Dungeon on May 24, 2017.
             The game lasted 00:33:52 (7501 turns).

doot the Ducker (Spriggan Warper)                   Turns: 7501, Time: 00:33:53

Health: -3/30      AC:  3    Str:  4 (7)  XL:     6   Next: 61%
Magic:  0/12       EV: 22    Int: 16 (17) God:
Gold:   235        SH:  0    Dex: 16 (17) Spells: 1/12 levels left

rFire    . . .     SeeInvis +   r - +1 dagger (protect)
rCold    . . .     Gourm    .   (shield restricted)
rNeg     . . .     Faith    .   b - +0 robe
rPois    .         Spirit   +   (helmet restricted)
rElec    .         Reflect  .   (no cloak)
rCorr    .         Harm     .   (gloves unavailable)
MR       ++...                  (boots unavailable)
Stlth    ++........             t - amulet of guardian spirit
Regen    0.1/turn               n - ring of flight
MPRegen  0.2/turn               o - ring of protection from magic

@: fainting, very quick
A: unfitting armour, see invisible, clever 1, herbivore 3, speed 3, shaggy fur
1, slow metabolism 2
a: Evoke Flight


You were on level 8 of the Dungeon.
You were fainting.

You visited 1 branch of the dungeon, and saw 8 of its levels.

You collected 235 gold pieces.

Inventory:

Hand Weapons
 a - a +0 short sword
 r - a +1 dagger of protection (weapon)
Missiles
 e - 5 tomahawks of dispersal (quivered)
Armour
 b - a +0 robe (worn)
 k - +1 ice dragon scales
Magical Staves
 l - an uncursed staff of poison
Jewellery
 n - a ring of flight (left hand)
 o - a ring of protection from magic (right hand)
 t - an amulet of guardian spirit (around neck)
Scrolls
 h - a scroll of remove curse
 i - 6 scrolls of identify
 m - 2 scrolls of noise
Potions
 j - 5 potions of curing
Books
 c - a book of Spatial Translocations

   Spells                             Type                      Level
   a - Blink                          Translocation                2
   b - Shroud of Golubria             Charms/Translocation         2
   c - Lesser Beckoning               Translocation                3
   d - Gell's Gravitas                Translocation                3
   e - Teleport Other                 Translocation                3
   f - Passage of Golubria            Translocation                4


   Skills:
 + Level 2.0 Fighting
 * Level 4.8 Short Blades
 + Level 1.0 Throwing
 * Level 6.2 Dodging
 * Level 1.4 Stealth
 + Level 3.9 Spellcasting
 + Level 1.3 Charms
 + Level 5.8 Translocations


You had one spell level left.
You knew the following spells:

 Your Spells              Type           Power        Failure   Level  Hunger
a - Blink                 Tloc           N/A          2%          2    ##.....
b - Shroud of Golubria    Chrm/Tloc      ##........   6%          2    ##.....
c - Teleport Other        Tloc           ###.....     4%          3    ###....
d - Passage of Golubria   Tloc           N/A          16%         4    ####...


Dungeon Overview and Level Annotations

Branches:
Dungeon (8/15)
 Temple: D:4-7         Lair: D:8-11

Altars:
Cheibriados
Elyvilon
Fedhas
Kikubaaqudgha
Makhleb
Nemelex Xobeh
Ru
Zin

Shops:
D:4 (

Annotations:
D:3 Sigmund
D:6 Eustachio


Innate Abilities, Weirdness & Mutations

You are very small and have problems with some larger weapons.
You are too small for most types of armour.
You have supernaturally acute eyesight. (SInv)
You are a herbivore.
You cover ground extremely quickly.
You need consume almost no food.
Your mind is acute. (Int +2)
You are covered in fur. (AC +1)


Message History

The orc wizard hits you but does no damage.
The orc wizard hits you with a dagger.
The orc wizard hits you but does no damage.
Your magical contamination has completely faded away.
The orc wizard hits you with a dagger.
Your resistance to elements expires.
The orc wizard hits you with a dagger. The orc hits you with a hand axe.
The orc wizard hits you with a dagger.
* * * LOW HITPOINT WARNING * * *
The orc hits you but does no damage.
The orc wizard hits you but does no damage.
The orc hits you with a hand axe.
* * * LOW HITPOINT WARNING * * *
You can move again.
The orc wizard casts a spell at you. The magic dart hits you!
* * * LOW HITPOINT WARNING * * *
The orc wizard casts a spell at you. The magic dart hits you!
You die...

# #######.#.###
#>....o......
#.#######.### #
#@#######.# #
#.##....#.# #
#.##....#.# #
#.##....#.########
#.o.oo..'o....o..o
####....#.########
#....#.# #
#....#.# #
#....#.# #


You could see an orc wizard.

Vanquished Creatures
  2 vampire bats (D:2)
  A centaur zombie (D:8)
  A hound (D:4)
  An orc priest (D:3)
  A worker ant (D:4)
  8 adders
  7 oozes (D:1)
  2 worms
  3 dart slugs
  5 leopard geckos
  5 orcs
  A bat skeleton (D:2)
  4 bat zombies (D:2)
  4 giant cockroaches
  13 goblins
  8 hobgoblins
  9 jackals
  6 kobolds
  A quokka (D:3)
  3 ball pythons (D:3)
  9 bats
  4 frilled lizards
  11 rats
109 creatures vanquished.

Notes
Turn   | Place    | Note
-------+----------+-------------------------------------------
     0 | D:1      | doot the Spriggan Warper began the quest for the Orb.
     0 | D:1      | Reached XP level 1. HP: 10/10 MP: 5/5
     1 | D:1      | Found a runed door.
   156 | D:1      | Reached XP level 2. HP: 11/15 MP: 7/7
   408 | D:1      | Learned a level 2 spell: Blink
   438 | D:1      | Learned a level 2 spell: Shroud of Golubria
   587 | D:1      | Reached skill level 4 in Dodging
   980 | D:2      | Found a burning altar of Makhleb.
  1040 | D:2      | Reached XP level 3. HP: 9/18 MP: 8/8
  1147 | D:2      | Learned a level 3 spell: Teleport Other
  1766 | D:2      | Reached XP level 4. HP: 20/23 MP: 7/9
  2112 | D:2      | Reached skill level 1 in Stealth
  2112 | D:2      | Reached skill level 5 in Translocations
  2177 | D:2      | Found an ancient bone altar of Kikubaaqudgha.
  2717 | D:4      | Reached XP level 5. HP: 26/26 MP: 9/11
  2913 | D:2      | Reached skill level 5 in Dodging
  2916 | D:2      | Reached skill level 1 in Charms
  3739 | D:1      | Learned a level 4 spell: Passage of Golubria
  3818 | D:1      | Upgraded the game from 0.20-b1-14-g8425815 to 0.20-b1-18-gaa2fd62
  4728 | D:3      | Reached XP level 6. HP: 29/30 MP: 9/12
  4851 | D:3      | Found a white marble altar of Elyvilon.
  4892 | D:3      | Noticed Sigmund
  6403 | D:4      | Found a faded altar of an unknown god.
  6403 | D:4      | Found a faded altar of an unknown god.
  6409 | D:4      | Found a glowing silver altar of Zin.
  6414 | D:4      | Found a sparkling altar of Nemelex Xobeh.
  6416 | D:4      | Found a snail-covered altar of Cheibriados.
  6590 | D:4      | Reached skill level 6 in Dodging
  6602 | D:4      | Found Fymmyen's Antique Weapon Boutique.
  6805 | D:5      | Entered Level 5 of the Dungeon
  6834 | D:5      | Found a sacrificial altar of Ru.
  6981 | D:6      | Gained mutation: Your mind is acute. (Int +2) [potion of mutation]
  6981 | D:6      | Gained mutation: You are covered in fur. (AC +1) [potion of mutation]
  7107 | D:6      | Found a blossoming altar of Fedhas.
  7124 | D:6      | Noticed Eustachio
  7153 | D:7      | Noticed a sky beast
  7153 | D:7      | Noticed a steam dragon
  7153 | D:7      | Noticed a sky beast
  7157 | D:7      | Found a white marble altar of Elyvilon.
  7167 | D:7      | Noticed an orc warrior
  7180 | D:7      | Noticed an insubstantial wisp
  7180 | D:7      | Noticed a sky beast
  7180 | D:7      | Noticed an insubstantial wisp
  7281 | D:8      | Noticed an orc warrior
  7483 | D:8      | Paralysed by fainting for 11 turns
  7501 | D:8      | Killed from afar by an orc wizard

Skill      XL: |  1  2  3  4  5  6 |
---------------+-------------------+-----
Spellcasting   | 3 |  3.9
Dodging        | 4 5 6 |  6.2
Short Blades   | 3 4 |  4.8
Stealth        | 1 |  1.4
Translocations | 5 |  5.8
Charms         | 1 |  1.3
Fighting       | 2 |  2.0
Throwing       | |  1.0

Action                   |  1- 3 |  4- 6 || total
-------------------------+-------+-------++-------
Melee: Short sword       |   143 |   430 ||   573
       Dagger            |       |   273 ||   273
 Cast: Shroud of Golubri |     6 |    44 ||    50
       Teleport Other    |       |     6 ||     6
       Passage of Golubr |       |     7 ||     7
       Blink             |       |     1 ||     1
  Use: Scroll            |     1 |    11 ||    12
       Potion            |       |     9 ||     9
 Stab: Sleeping          |     4 |     5 ||     9
       Invisible         |       |     2 ||     2
       Distracted        |       |     1 ||     1
  Eat: Bread ration      |       |     1 ||     1
       Fruit             |       |     2 ||     2
Armor: Robe              |    16 |    57 ||    73
       Skin              |       |    31 ||    31
Dodge: Dodged            |   120 |   611 ||   731
